Map: Kairos Junction LE

Players

MaNa

  • Race: Protoss Protoss
  • Spawn Location: 11:00

SpeCial - Winner!

  • Race: Terran Terran
  • Spawn Location: 5:00

Event: 2019 WCS Summer

VOD

Have the link to the VOD?

Description

Time

  • Played on: July 13, 2019, 12:47 p.m.
  • Length: 7:39

All games in this series

Show
View Real Time Build Order
Export as new Build Order

MaNa Protoss 

Build Orders: 1 Gate Expand, Blink Stalkers 

Get SALT Encoding   

  12  0:00  Probe  
  13  0:12  Probe  
  14  0:16  Pylon  
  14  0:23  Probe  
  15  0:32  Probe  
  15  0:38  Gateway  
  15  0:40  Probe  
  16  0:48  Assimilator  
  17  0:51  Probe  
  18  1:03  Probe  
  19  1:15  Probe  
  20  1:26  Nexus  
  20  1:37  Cybernetics Core  
  20  1:38  Probe  
  20  1:45  Assimilator  
  20  1:50  Probe  
  20  1:54  Pylon  
  21  2:02  Probe  
  21  2:03  Adept  
  22  2:15  Probe, Warp Gate  
  25  2:27  Probe  
  26  2:33  Sentry  
  28  2:39  Probe  
  28  2:47  Probe  
  28  2:49  Probe  
  29  2:52  Twilight Council  
  29  2:56  Probe  
  29  2:57  Probe  
  30  2:59  Stalker  
  30  3:05  Probe  
  34  3:06  Probe  
  36  3:14  Gateway x2  
  36  3:17  Probe  
  36  3:19  Probe  
  38  3:22  Blink  
  38  3:29  Probe  
  38  3:31  Probe  
  40  3:41  Probe  
  40  3:43  Probe  
  40  3:44  Robotics Facility  
  42  3:52  Pylon  
  42  3:53  Probe  
  43  3:55  Probe  
  44  4:04  Pylon  
  44  4:05  Stalker  
  46  4:10  Probe x2  
  46  4:13  Stalker x2  
  52  4:18  Pylon  
  52  4:23  Probe x2  
  54  4:29  Stalker  
  56  4:34  Observer  
  58  4:41  Stalker  
  58  4:43  Probe x2  
  61  4:46  Nexus  
  61  4:50  Stalker  
  63  4:54  Shield Battery  
  63  4:56  Observer  
  63  4:59  Assimilator  
  64  5:08  Probe x2  
  64  5:13  Stalker  
  67  5:19  Warp Prism  
  67  5:21  Pylon  
  69  5:34  Pylon  
  69  5:36  Probe  
  69  5:38  Gateway  
  69  5:39  Probe  
  69  5:40  Stalker x3  
  77  5:46  Gateway  
  77  5:48  Gateway  
  77  5:49  Charge  
  77  5:54  Gateway x2  
  77  6:07  Stalker  
  77  6:10  Probe x2  
  78  6:16  Stalker  
  65  6:34  Stalker x3  
  65  6:37  Probe x2  
  68  6:42  Stalker  
  66  6:55  Stalker  
  66  6:56  Stalker  
  62  7:02  Probe x2  
  64  7:12  Stalker  
  64  7:13  Zealot x5  
Show
View Real Time Build Order
Export as new Build Order

SpeCial Terran - Winner!

Build Orders: Banshee Rush 

Get SALT Encoding   

  12  0:00  SCV  
  13  0:12  SCV  
  14  0:16  Supply Depot  
  14  0:24  SCV  
  15  0:38  SCV  
  15  0:40  Barracks  
  16  0:43  Refinery  
  16  0:50  SCV  
  17  1:02  SCV  
  18  1:14  SCV  
  19  1:30  SCV  
  19  1:32  Reaper  
  21  1:40  Command Center  
  21  1:51  Orbital Command  
  21  1:58  Supply Depot  
  21  2:06  Marine  
  22  2:12  Factory  
  22  2:16  SCV  
  23  2:22  Refinery  
  23  2:28  SCV  
  24  2:31  Barracks Reactor  
  24  2:40  SCV  
  24  2:52  Orbital Command, SCV  
  24  2:57  Widow Mine  
  27  3:02  Starport  
  27  3:05  SCV  
  28  3:08  Marine x2  
  30  3:17  SCV  
  30  3:19  Factory Tech Lab, SCV  
  32  3:26  Marine x2  
  34  3:31  SCV x2  
  35  3:34  Barracks  
  35  3:43  SCV  
  35  3:44  Marine x2  
  35  3:47  SCV  
  39  3:52  Cloaking Field  
  39  3:53  Supply Depot  
  39  3:55  SCV  
  40  3:57  Banshee  
  40  4:00  Factory Tech Lab  
  40  4:02  SCV  
  44  4:06  Marine  
  44  4:07  SCV  
  46  4:12  Supply Depot  
  46  4:14  Marine  
  46  4:15  SCV  
  48  4:19  SCV  
  48  4:20  Siege Tank  
  48  4:22  Barracks Tech Lab  
  52  4:26  Supply Depot  
  52  4:28  SCV  
  53  4:31  SCV  
  53  4:33  Marine x2  
  53  4:37  Supply Depot  
  56  4:41  Banshee  
  56  4:44  SCV  
  60  4:46  SCV  
  60  4:47  Marine  
  60  4:51  Marine, Refinery  
  63  4:55  Siege Tank  
  66  5:00  SCV x2, Supply Depot  
  66  5:02  Marine  
  66  5:05  Marine  
  70  5:12  SCV x2  
  72  5:15  Combat Shield  
  72  5:16  Marine  
  72  5:20  Marine  
  74  5:23  Marine  
  74  5:24  SCV x2  
  74  5:27  Supply Depot  
  77  5:32  Siege Tank  
  77  5:34  Marine  
  81  5:37  Marine, SCV  
  81  5:41  Supply Depot  
  83  5:45  Banshee  
  83  5:48  Marine  
  87  5:50  Supply Depot  
  87  5:52  Marine  
  87  5:53  SCV x2  
  87  5:55  Marine  
  88  6:02  Command Center  
  88  6:05  SCV x2  
  88  6:06  Siege Tank, Marine  
  88  6:10  Marine  
  95  6:15  Marine  
  95  6:17  SCV x2  
  97  6:24  Marine  
  95  6:28  Marine  
  95  6:29  SCV x2  
  92  6:32  Marine  
  92  6:33  Barracks  
  92  6:39  Siege Tank  
  95  6:41  Refinery, SCV x2  
  95  6:42  Marine  
  95  6:48  Engineering Bay  
  95  6:49  Engineering Bay  
  95  6:51  Marine  
  95  6:52  Marine, Starport Reactor  
  95  6:53  SCV  
  95  6:54  SCV  
  94  7:00  Marine  
  84  7:01  Bunker  
  84  7:06  SCV x2  
  81  7:08  Marine  
  81  7:10  Marine  
  80  7:17  Marine  
  80  7:18  SCV x2  
  80  7:19  Barracks  
  83  7:23  Barracks, Supply Depot  
  83  7:26  Supply Depot  
Tags
 
Add a new tag
Caveats
  • Supply blocks, unpowered buildings, or Contaminate may cause inaccurate times.
  • Supply counts are checked every 10 seconds.